 Dungeon Crawl Stone Soup version 0.26-a0-690-gcb57259078 (webtiles) character file.

Game seed: 10708787039213880124

147385 ICC the Blocker (level 17, -17/89 HPs)
             Began as a Vine Stalker Fighter on Oct 24, 2020.
             Was a High Priest of Wu Jian.
             Killed from afar by a Tzitzimitl (31 damage)
             ... with a bolt of cold
             ... summoned by a deep elf demonologist
             ... on level 3 of the Elven Halls.
             The game lasted 01:40:36 (19319 turns).

ICC the Blocker (Vine Stalker Fighter)             Turns: 19319, Time: 01:40:36

Health: -17/89     AC: 24    Str: 19    XL:     17   Next: 46%
Magic:  0/41       EV: 11    Int: 15    God:    Wu Jian [*****.]
Gold:   533        SH: 18    Dex: 16    Spells: 35/37 levels left

rFire    . . .     SeeInvis .   s - +0 dagger (speed)
rCold    . . .     Faith    .   c - +0 kite shield
rNeg     + + +     Spirit   +   H - +1 plate armour "Yjiffigi" {rElec rC- rN+++ Regen+}
rPois    +         Reflect  +   V - +0 hat {MR+}
rElec    +         Harm     .   v - +1 cloak {rCorr}
rCorr    +         Rampage  .   (no gloves)
MR       +++..                  C - +0 pair of boots
Stlth    ..........             O - amulet of Wishful Thinking {Reflect +Inv rN+ Int+2 SH+5}
HPRegen  1.44/turn              r - ring "Plog" {rPois rC+ AC+4}
MPRegen  0.27/turn              D - ring of magical power

@: lethally poisoned (-17 -> -17), exhausted, heavenly storm, hasted and slowed,
glowing, studying Dodging
A: fangs 3, regeneration 2, magic shield, antimagic bite, no potion heal 3, rot
immunity
a: Wall Jump, Serpent's Lash, Heavenly Storm, Renounce Religion, Evoke
Invisibility


You were on level 3 of the Elven Halls.
You worshipped Wu Jian.
Wu Jian was extremely pleased with you.
You visited 5 branches of the dungeon, and saw 24 of its levels.
You also visited: Ossuary and Ice Cave.

You collected 2784 gold pieces.
You spent 2251 gold pieces at shops.

Inventory:

Hand Weapons
 j - the cursed +1 hand axe "Pathris" {vorpal, SInv Stlth+, unknown}
   (You found it on level 11 of the Dungeon)

   It inflicts extra damage upon your enemies.
   It lets you see invisible.
   It makes you more stealthy.
   It has a curse placed upon it.
 s - a +0 dagger of speed (weapon)
 w - a +2 rapier of venom
Missiles
 e - 7 javelins (quivered)
 W - a throwing net
Armour
 c - a +0 kite shield (worn)
 p - a +2 helmet of see invisible
 v - a +1 cloak of preservation (worn)
 C - a +0 pair of boots (worn)
 H - the +1 plate armour "Yjiffigi" (worn) {rElec rC- rN+++ Regen+}
   (You bought it in a shop on level 2 of the Orcish Mines)

   It makes you vulnerable to cold.
   It insulates you from electricity.
   It renders you almost immune to negative energy.
   It increases your rate of regeneration.
 V - a +0 hat of magic resistance (worn)
Jewellery
 r - the ring "Plog" (left hand) {rPois rC+ AC+4}
   (You found it on level 11 of the Dungeon)

   [ring of protection]

   It affects your AC (+4).
   It protects you from cold.
   It protects you from poison.
 B - the ring "Mimuikem" {Int+2 SInv}
   (You found it on level 11 of the Dungeon)

   [ring of see invisible]

   It affects your intelligence (+2).
   It lets you see invisible.
 D - a ring of magical power (right hand)
 F - an uncursed ring of protection from cold
 J - the ring "Vudimu" {+Blink AC+4}
   (You found it on level 11 of the Dungeon)

   [ring of protection]

   It affects your AC (+4).
   It lets you blink.
 O - the amulet of Wishful Thinking (around neck) {Reflect +Inv rN+ Int+2 SH+5}
   (You bought it in a shop on level 10 of the Dungeon)

   [amulet of reflection]

   It shields you and reflects attacks.
   It affects your intelligence (+2).
   It protects you from negative energy.
   It lets you turn invisible.
   It affects your SH (+5).
 S - an uncursed ring of flight
 Y - an uncursed ring of resist corrosion
 Z - an uncursed ring of protection from fire
Wands
 u - a wand of iceblast (14)
 y - a wand of flame (20)
 M - a wand of acid (20)
Scrolls
 d - 5 scrolls of immolation
 f - 9 scrolls of remove curse
 i - 10 scrolls of magic mapping {unknown}
 k - 8 scrolls of teleportation
 n - 7 scrolls of amnesia
 o - 5 scrolls of enchant armour
 q - 2 scrolls of fear
 t - a scroll of silence
 z - 7 scrolls of fog
 E - a scroll of brand weapon
 K - 6 scrolls of enchant weapon
 L - a scroll of summoning
 X - 4 scrolls of blinking
Potions
 a - 2 potions of magic
 b - 6 potions of resistance
 g - 4 potions of might
 h - 11 potions of heal wounds {unknown}
 l - 3 potions of cancellation
 m - 4 potions of stabbing
 x - 4 potions of flight
 I - a potion of invisibility
 N - a potion of haste
 P - a potion of berserk rage
 Q - 4 potions of brilliance
 R - 3 potions of mutation
 T - 15 potions of curing
Books
 G - a manual of Dodging
Miscellaneous
 A - a phial of floods


   Skills:
 + Level 10.2 Fighting
 * Level 13.4 Short Blades
 * Level 12.6 Armour
 + Level 9.9 Dodging
 * Level 13.6 Shields
 + Level 10.9 Spellcasting


You had 35 spell levels left.
You knew the following spells:

 Your Spells              Type           Power        Failure   Level
a - Blink                 Tloc           N/A          94%         2

Your spell library contained the following spells:

 Spells                   Type           Power        Failure   Level
 Animate Skeleton         Necr           #.....       86%         1
 Foxfire                  Conj/Fire      #...         86%         1
 Freeze                   Ice            #...         86%         1
 Magic Dart               Conj           #...         86%         1
 Pain                     Necr           #...         86%         1
 Sting                    Tmut/Pois      #...         86%         1
 Call Imp                 Summ           #.......     94%         2
 Corpse Rot               Necr/Air       N/A          94%         2
 Poisonous Vapours        Pois/Air       #.....       94%         2
 Slow                     Hex            #.......     94%         2
 Sublimation of Blood     Necr           #.........   94%         2
 Conjure Flame            Conj/Fire      #.......     99%         3
 Frozen Ramparts          Ice            #.....       99%         3
 Ignite Poison            Fire/Tmut/Pois #.......     99%         3
 Inner Flame              Hex/Fire       #.......     99%         3
 Mephitic Cloud           Conj/Pois/Air  #.......     99%         3
 Ozocubu's Armour         Ice            #.......     99%         3
 Vampiric Draining        Necr           #.........   99%         3
 Animate Dead             Necr           #.........   100%        4
 Dispel Undead            Necr           #.......     100%        4
 Hailstorm                Conj/Ice       #.......     100%        4
 Olgreb's Toxic Radiance  Pois           #.......     100%        4
 Sticky Flame             Conj/Fire      #.......     100%        4
 Summon Ice Beast         Ice/Summ       #.......     100%        4
 Summon Lightning Spire   Summ/Air       #.......     100%        4
 Agony                    Necr           #.......     100%        5
 Excruciating Wounds      Necr           #.........   100%        5
 Fireball                 Conj/Fire      #.........   100%        5
 Irradiate                Conj/Tmut      #.........   100%        5
 Silence                  Hex/Air        #.........   100%        5
 Conjure Ball Lightning   Conj/Air       #.........   100%        6
 Freezing Cloud           Conj/Ice/Air   #.........   100%        6
 Hydra Form               Tmut           #.........   100%        6
 Tornado                  Air            #.........   100%        9


Dungeon Overview and Level Annotations

Branches:
Dungeon (12/15)            Temple (1/1) D:5            Lair (6/6) D:9
  Swamp (0/4) Lair:2       Spider (0/4) Lair:3        Slime (0/5) Lair:6
    Orc (2/2) D:9             Elf (3/3) Orc:2       Ossuary (visited)
  IceCv (visited)

Altars:
Ashenzari
Cheibriados
Dithmenos
Elyvilon
Gozag
Hepliaklqana
Kikubaaqudgha
Makhleb
Okawaru
Qazlal
Sif Muna
Trog
Vehumet
Wu Jian
Xom
Yredelemnul
Zin
The Shining One
Beogh

Shops:
D:10 =   Orc:2 }**=   Elf:1 :

Annotations:
D:4 dig vault
Lair:6 dig condenser
Elf:2 5 runed translucent doors


Innate Abilities, Weirdness & Mutations

You have razor-sharp teeth.
You heal very quickly.
When hurt, damage is shared between your health and your magic reserves.
Your bite disrupts and absorbs the magic of your enemies.
Potions cannot restore your health.
You are immune to rotting.


Message History

The sixfirhy shocks you. You resist.
* * * LOW HITPOINT WARNING * * *
You block the sixfirhy's attack.
The Tzitzimitl engulfs you but does no damage.
The Tzitzimitl closely misses you. The sixfirhy hits you.
* * * LOW HITPOINT WARNING * * *
The sixfirhy shocks you. You resist.
* * * LOW HITPOINT WARNING * * *
The deep elf demonologist is empowered by something's aura!
You block the deep elf elementalist's attack.
The deep elf demonologist hits you but does no damage.
The ice devil closely misses you.
Things that are here:
a +0 long sword; 25 gold pieces You puncture the deep elf demonologist!
The deep elf demonologist is severely wounded.
The sixfirhy hits you but does no damage.
The Tzitzimitl gestures at you. The bolt of cold hits you!!!
You die...

#.###### ###
## ##§## #
##§§§#
##☼☼§####
##§§§###☼##
#☼§§###§○§##
##§§☼#☼§ee§##
##§○○§☼ee4§#
##○°☼§e3@§#
##○☼§§e1☼#
#.☼§§☼§##
.e.....##
#.......##
...###..# .e.
e..# .. .....


You could see a Tzitzimitl (summoned), a deep elf death mage (empowered), a deep
elf sorcerer (fast, empowered), a deep elf elementalist (fast, empowered, repels
missiles), 2 deep elf demonologists, a deep elf high priest (brilliance aura),
an ice devil (summoned) and a sixfirhy (summoned).

Vanquished Creatures
  2 deep elf master archers (Elf:3)
  2 deep elf blademasters (Elf:3)
  Gastronok (D:8)
  3 deep elf sorcerers (Elf:3)
  3 deep elf elementalists (Elf:3)
  7 deep elf annihilators
  3 deep elf demonologists (Elf:3)
  A white draconian (IceCv)
  6 dire elephants (Lair:6)
  9 deep elf death magi
  An ettin (Orc:1)
  The ghost of fly the Tainter, a journeyman OpVM of Sif Muna (Orc:2)
  A fire dragon (D:11)
  An ogre mage (Orc:2)
  6 hydras
  A boulder beetle (Lair:3)
  Harold (D:8)
  6 two-headed ogres
  An anaconda (Lair:6)
  2 catoblepae (Lair:3)
  A centaur warrior (D:11)
  10 dancing weapons
  4 orc high priests (Orc:2)
  8 deep elf knights
  2 large abominations (Elf:3)
  A fire crab (shapeshifter) (D:11)
  11 deep elf archers
  4 necromancers (Elf:3)
  4 orc knights (Orc:2)
  Pikel (D:7)
  42 deep elf magi
  3 orc sorcerers (Orc:2)
  4 cyclopes
  17 elephants
  A black mamba (Lair:6)
  A torpor snail (Lair:5)
  Psyche (D:9)
  2 ice statues (IceCv)
  A gargoyle (D:11)
  16 cane toads
  A rime drake (Lair:3)
  9 komodo dragons
  2 small abominations (Elf:3)
  17 polar bears
  A hornet (D:4)
  6 trolls
  A bog body (Lair:2)
  6 blink frogs
  14 dream sheep
  A slime creature (D:11)
  Sigmund (D:2)
  A meliai zombie (D:12)
  3 water elementals
  A vampire (D:11)
  76 yaks
  3 wyverns
  A fire elemental (Elf:3)
  2 basilisks (Lair:5)
  A steam dragon (D:10)
  5 wargs
  Edmund (D:4)
  10 water moccasins
  A swamp drake (Orc:1)
  Duvessa (D:7)
  27 orc warriors
  6 ice beasts
  2 sky beasts (D:8)
  3 black bears
  4 wolves (IceCv)
  13 ogres
  An eye of draining (D:11)
  3 phantoms
  13 centaurs
  3 lemures (D:7)
  6 elf zombies (Elf:3)
  Blork the orc (D:5)
  22 bullfrogs
  A gnoll sergeant (Orc:1)
  4 water moccasin zombies (Ossuary)
  Dowan (D:7)
  3 scorpions
  13 wights
  4 howler monkeys
  5 electric eels
  2 bullfrog zombies (D:11)
  A crimson imp (Orc:1)
  2 quasits
  6 hounds
  A bullfrog skeleton (D:11)
  A jelly (D:10)
  3 centaur skeletons
  16 orc priests
  An iron imp (Orc:1)
  33 orc wizards
  Ijyb (D:5)
  2 iguanas
  7 hell rats (Lair:5)
  13 worker ants
  A big kobold zombie (Ossuary)
  3 hound skeletons
  2 mummies (Ossuary)
  6 gnolls
  A worker ant zombie (D:9)
  15 adders
  4 shadow imps
  4 white imps
  An ufetubus (D:6)
  6 adder zombies
  An adder skeleton (D:8)
  3 worms
  A dart slug (D:1)
  2 leopard geckos (D:3)
  90 orcs
  A ball python (D:1)
  4 bats
  6 giant cockroaches
  4 goblins (D:3)
  9 hobgoblins
  6 jackals
  6 kobolds
  2 quokkas
  12 frilled lizards
  4 gnoll zombies (Ossuary)
  4 hobgoblin zombies (Ossuary)
  A jackal zombie (D:8)
  8 kobold zombies (Ossuary)
  2 leopard gecko skeletons
  5 orc zombies (Ossuary)
  A quokka skeleton (D:4)
  12 rats
  2 crawling corpses (Elf:1)
810 creatures vanquished.

Vanquished Creatures (others)
  A deep elf knight (Elf:3)
  13 fungi
  19 plants
  11 toadstools (Lair:3)
44 creatures vanquished.

Grand Total: 854 creatures vanquished

Notes
Turn   | Place    | Note
-------+----------+-------------------------------------------
     0 | D:1      | ICC the Vine Stalker Fighter began the quest for the Orb.
     0 | D:1      | Reached XP level 1. HP: 11/11 MP: 2/2
   132 | D:1      | Reached skill level 1 in Spellcasting
   179 | D:1      | Reached XP level 2. HP: 16/16 MP: 3/5
   558 | D:1      | Reached XP level 3. HP: 19/19 MP: 7/7
   904 | D:2      | Gained mutation: Your natural rate of healing is unusually
                  | fast. [Vine Stalker growth]
   904 | D:2      | Reached XP level 4. HP: 21/23 MP: 7/9
   999 | D:2      | Found an iron altar of Okawaru.
  1062 | D:2      | Noticed Sigmund
  1102 | D:2      | Killed Sigmund
  1102 | D:2      | Reached skill level 1 in Dodging
  1102 | D:2      | Reached XP level 5. HP: 9/28 MP: 7/10
  1102 | D:2      | Reached XP level 6. HP: 10/32 MP: 7/11
  1826 | D:4      | Noticed Edmund
  1838 | D:4      | Killed Edmund
  1890 | D:4      | Reached XP level 7. HP: 36/36 MP: 12/12
  2215 | D:4      | Found a glowing silver altar of Zin.
  2368 | D:4      | Found a large runed translucent door.
  2368 | D:4      | Found a large runed translucent door.
  2403 | D:4      | Found a large runed translucent door.
  2403 | D:4      | Found a large runed translucent door.
  2428 | D:4      | Noticed a hornet
  2434 | D:4      | Killed a hornet
  2434 | D:4      | Gained mutation: You have razor-sharp teeth. [Vine Stalker
                  | growth]
  2434 | D:4      | Reached XP level 8. HP: 35/42 MP: 10/14
  2482 | D:4      | Found a shimmering blue altar of Sif Muna.
  2614 | D:5      | Entered Level 5 of the Dungeon
  2755 | D:5      | Noticed Blork the orc
  2801 | D:5      | Killed Blork the orc
  2817 | D:5      | Reached skill level 5 in Shields
  2918 | D:5      | Noticed Ijyb
  2929 | D:5      | Paralysed by Ijyb for 3 turns
  2933 | D:5      | Killed Ijyb
  2939 | D:5      | Found a staircase to the Ecumenical Temple.
  2945 | Temple   | Entered the Ecumenical Temple
  3014 | Temple   | Became a worshipper of the Wu Jian Council
  3304 | D:6      | Found a sand-covered staircase.
  3311 | Ossuary  | Entered an ossuary
  3363 | Ossuary  | Reached XP level 9. HP: 45/45 MP: 16/16
  3391 | Ossuary  | Reached * piety under Wu Jian
  3416 | Ossuary  | Reached skill level 5 in Short Blades
  3467 | Ossuary  | Reached skill level 5 in Armour
  3594 | D:6      | Found a runed translucent door.
  3654 | D:6      | Reached ** piety under Wu Jian
  3742 | D:6      | Found a roughly hewn altar of Beogh.
  4223 | D:6      | Reached skill level 5 in Spellcasting
  4480 | D:7      | Found a bloodstained altar of Trog.
  4629 | D:7      | Found an opulent altar of Gozag.
  4691 | D:7      | Reached XP level 10. HP: 50/51 MP: 18/18
  4701 | D:7      | Noticed Pikel
  4724 | D:7      | Killed Pikel
  4724 | D:7      | Reached skill level 5 in Fighting
  4770 | D:7      | Noticed Duvessa
  4773 | D:7      | Noticed Dowan
  4795 | D:7      | Killed Dowan
  4797 | D:7      | Killed Duvessa
  4993 | D:8      | Noticed Gastronok
  5005 | D:8      | Reached *** piety under Wu Jian
  5039 | D:8      | Killed Gastronok
  5194 | D:8      | Noticed Harold
  5222 | D:8      | Killed Harold
  5222 | D:8      | Reached XP level 11. HP: 31/56 MP: 21/21
  5647 | D:9      | Noticed Psyche
  5661 | D:9      | Killed Psyche
  5759 | D:9      | Reached **** piety under Wu Jian
  5818 | D:9      | Found a staircase to the Lair.
  6164 | D:9      | Found a glowing golden altar of the Shining One.
  6262 | D:9      | Found a staircase to the Orcish Mines.
  6637 | D:10     | Entered Level 10 of the Dungeon
  6854 | D:10     | Reached ***** piety under Wu Jian
  6855 | D:10     | Found Cutzatwo's Jewellery Shoppe.
  6967 | D:11     | Noticed a cyclops
  6975 | D:11     | Killed a cyclops
  6986 | D:11     | Noticed a cyclops
  7014 | D:11     | Killed a cyclops
  7233 | D:11     | Reached skill level 5 in Dodging
  7236 | D:11     | Gained mutation: You heal very quickly. [Vine Stalker
                  | growth]
  7236 | D:11     | Reached XP level 12. HP: 44/62 MP: 23/23
  7504 | D:11     | Got a slimy hand axe
  7602 | D:11     | Noticed a centaur warrior
  7602 | D:11     | Noticed a fire dragon
  7612 | D:11     | Identified the ring "Nariam" {Wiz Int+7 Dex-4}
  7614 | D:11     | Killed a centaur warrior
  7641 | D:11     | Killed a fire dragon
  7670 | D:11     | Got a heavily runed granite ring
  7672 | D:11     | Identified the ring "Plog" {rPois rC+ AC+4} (You found it
                  | on level 11 of the Dungeon)
  7677 | D:11     | Got a transparent silver ring
  7679 | D:11     | Identified the ring "Mimuikem" {Int+2 SInv} (You found it
                  | on level 11 of the Dungeon)
  7689 | D:11     | Got a shimmering glass ring
  7691 | D:11     | Identified the ring "Vudimu" {+Blink AC+4} (You found it on
                  | level 11 of the Dungeon)
  8584 | D:10     | Bought the amulet of Wishful Thinking {Reflect +Inv rN+
                  | Int+2 SH+5} for 786 gold pieces
  8875 | Lair:1   | Entered Level 1 of the Lair of Beasts
  8984 | Lair:1   | Found a frozen archway.
  9017 | IceCv    | Entered an ice cave
  9078 | IceCv    | Reached XP level 13. HP: 65/67 MP: 25/25
  9428 | IceCv    | Reached skill level 10 in Shields
  9527 | IceCv    | Noticed a white draconian
  9567 | IceCv    | Killed a white draconian
 10033 | Lair:1   | Reached skill level 10 in Short Blades
 10731 | Lair:2   | Found a staircase to the Swamp.
 11287 | Lair:3   | Reached ****** piety under Wu Jian
 11601 | Lair:3   | Found a hole to the Spider Nest.
 11629 | Lair:3   | Reached XP level 14. HP: 70/72 MP: 27/27
 11800 | Lair:3   | Reached skill level 10 in Armour
 11834 | Lair:3   | Found a runed translucent door.
 11993 | Lair:3   | Identified the Volume of Changing
 12699 | Lair:4   | Got a transparent chain mail
 12709 | Lair:4   | Identified the cursed +0 chain mail of the Harp {Dex+4}
                  | (You found it on level 4 of the Lair of Beasts)
 13943 | Lair:6   | Entered Level 6 of the Lair of Beasts
 14063 | Lair:6   | Got a faintly glowing robe
 14073 | Lair:6   | Identified the +0 robe "Rioq" {+Inv rC+ MR++ Stlth-} (You
                  | found it on level 6 of the Lair of Beasts)
 14663 | Lair:6   | Found a staircase to the Slime Pits.
 14784 | Lair:6   | Noticed a dire elephant
 14784 | Lair:6   | Noticed a dire elephant
 14810 | Lair:6   | Killed a dire elephant
 14815 | Lair:6   | Killed a dire elephant
 14872 | Lair:6   | Noticed a dire elephant
 14873 | Lair:6   | Noticed a dire elephant
 14879 | Lair:6   | Noticed a dire elephant
 14898 | Lair:6   | Killed a dire elephant
 14898 | Lair:6   | Reached XP level 15. HP: 66/78 MP: 29/29
 15306 | Orc:1    | Entered Level 1 of the Orcish Mines
 15354 | Orc:2    | Entered Level 2 of the Orcish Mines
 15817 | Orc:2    | Found a runed translucent gate.
 15817 | Orc:2    | Found a runed translucent gate.
 15817 | Orc:2    | Found a runed translucent gate.
 15818 | Orc:2    | Noticed fly's ghost (journeyman OpVM)
 15849 | Orc:2    | Killed fly's ghost
 15994 | Orc:2    | Found a staircase to the Elven Halls.
 16295 | Orc:1    | Learned a level 2 spell: Blink
 16522 | Orc:2    | Found Olugonitt's Gadget Boutique.
 16522 | Orc:2    | Found Supiaj's Jewellery Emporium.
 16627 | Orc:2    | Found Woaj's Assorted Antiques.
 16627 | Orc:2    | Found Lesoel's General Store.
 16635 | Orc:2    | Bought a scroll labeled KULURE PAFEPT for 25 gold pieces
 16636 | Orc:2    | Bought a scroll of silence for 97 gold pieces
 16636 | Orc:2    | Bought a scroll of identify for 26 gold pieces
 16682 | Orc:2    | Bought a smouldering plate armour for 700 gold pieces
 16683 | Orc:2    | Acquired a manual of Dodging
 16695 | Orc:2    | Identified the +1 plate armour "Yjiffigi" {rElec rC- rN+++
                  | Regen+} (You bought it in a shop on level 2 of the Orcish
                  | Mines)
 16924 | Orc:2    | Bought 2 potions of mutation for 208 gold pieces
 16924 | Orc:2    | Bought a +2 helmet of see invisible for 279 gold pieces
 16924 | Orc:2    | Bought a potion of resistance for 130 gold pieces
 16988 | Elf:1    | Entered Level 1 of the Elven Halls
 17551 | Elf:1    | Reached skill level 10 in Spellcasting
 17578 | Elf:1    | Reached XP level 16. HP: 45/84 MP: 31/31
 17886 | Elf:1    | Found Acvesu's One-of-a-Kind Books.
 18193 | Elf:2    | Found a radiant altar of Vehumet.
 18661 | Elf:2    | Found a huge runed translucent gate.
 18661 | Elf:2    | Found a huge runed translucent gate.
 18677 | Elf:2    | Found a huge runed translucent gate.
 18677 | Elf:2    | Found a huge runed translucent gate.
 18677 | Elf:2    | Found a huge runed translucent gate.
 18834 | Elf:3    | Entered Level 3 of the Elven Halls
 19021 | Elf:3    | Identified the Tome of Evil
 19275 | Elf:3    | Noticed a deep elf blademaster
 19284 | Elf:3    | Killed a deep elf blademaster
 19287 | Elf:3    | Reached XP level 17. HP: 76/88 MP: 32/32
 19287 | Elf:3    | Reached skill level 10 in Fighting
 19290 | Elf:3    | Noticed a deep elf master archer
 19295 | Elf:3    | Noticed a deep elf blademaster
 19298 | Elf:3    | Noticed a deep elf master archer
 19303 | Elf:3    | Killed a deep elf master archer
 19305 | Elf:3    | Killed a deep elf master archer
 19308 | Elf:3    | Killed a deep elf blademaster
 19312 | Elf:3    | Noticed a Tzitzimitl
 19319 | Elf:3    | Killed from afar by a Tzitzimitl

Illustrated notes

Levels and vault maps discovered:
D:1:      dpeg_arrival_pits, layout_loops_corners
D:2:      layout_rooms, lemuel_crystal_altar, serial_forest,
          infiniplex_forest_corner_1, infiniplex_forest_clump_curved,
          infiniplex_forest_end_1, infiniplex_forest_clump_cross, uniq_sigmund
D:3:      layout_basic, minmay_vboxes
D:4:      minmay_door_path, layout_cave_pools, zin_scriptorium,
          kennysheep_mini_moat, chequers_serial_rivers_small_3,
          minmay_misc_feat_cross, minmay_hollow_rounded_squares, uniq_edmund
D:5:      layout_cave_pools, minmay_temple_entry_enclosed_plants,
          uniq_blork_the_orc, uniq_ijyb
D:6:      layout_basic, enter_ossuary_5, lightli_church_of_beogh
D:7:      layout_rooms, trog_ov_bears_minmay, grunt_gozag_statues, uniq_pikel,
          uniq_duvessa
D:8:      layout_gridville, grunt_potential, uniq_harold, uniq_gastronok
D:9:      wad_crossroads, layout_basic, tso_metal_star,
          erik_lair_orcish_takeover, orc_0_dummy, uniq_psyche
D:10:     layout_cross, serial_shops, nicolae_shop_trees, minmay_crystal_room
D:11:     minmay_the_grid_triangle_9x9_rhombus_thin
          [minmay_the_grid_triangle_9x9_sparse_checkered,
          minmay_the_grid_triangle_9x9_prize_special,
          minmay_the_grid_triangle_9x9_corrupted_corridor,
          minmay_the_grid_triangle_9x9_limited_checkers], layout_gridville,
          minmay_splitting_lines
D:12:     layout_basic
Temple:   eino_temple_scatter_basement
Lair:1:   layout_hall_layers, portal_ice_cave_entry_pillars_1
Lair:2:   layout_gridlike, skrybe_swamp_entry_bodies
Lair:3:   gammafunk_lair_enchanted_lake, layout_regular_city,
          spider_nest_entry_web_field, columned_hall_lemuel,
          serial_bayou_shore_a, serial_bayou_shore_b
Lair:4:   layout_roguey
Lair:5:   layout_loops_ring, beast_lair_carwin_9, grunt_megastairs_5,
          infiniplex_staircase_pool_2, lemuel_fruit_fields
Lair:6:   due_jungle_book, layout_regular_city, dpeg_slime_entry_corner
Orc:1:    layout_caves, hangedman_minor_magic
Orc:2:    grunt_orc_tribal_feast, layout_diamond_mine, ebering_ghost_rock_garden
Elf:1:    eino_elf_arrival_customs, layout_gridlike, minmay_elf_crystal_hexagon,
          nicolae_rare_books
Elf:2:    layout_geoelf_diagonals, basic_altar
Elf:3:    grunt_elf_hall_asides, layout_geoelf_octagon, minmay_elf_necromancy

Skill      XL: |  1  2  3  4  5  6  7  8  9 10 11 12 13 14 15 16 17 |
---------------+----------------------------------------------------+-----
Spellcasting   | 1 2 3 4 5 6 7 8 9 10 | 10.9
Short Blades   | 2 3 4 6 7 8 9 10 11 12 13 | 13.4
Fighting       | 3 4 5 6 7 8 9 10 | 10.2
Armour         | 3 4 5 7 8 9 10 11 12 | 12.6
Dodging        | 1 2 3 4 5 6 7 8 9 |  9.9
Shields        | 3 4 5 6 7 8 9 10 11 12 13 | 13.6

Action                   |  1- 3 |  4- 6 |  7- 9 | 10-12 | 13-15 | 16-18 || total
-------------------------+-------+-------+-------+-------+-------+-------++-------
Melee: Rapier            |    92 |   114 |   123 |   194 |   391 |   544 ||  1458
       Bite              |    24 |    35 |   227 |   501 |  1162 |   265 ||  2214
       Dagger            |       |    16 |   358 |   967 |  1998 |   212 ||  3551
       Short sword       |       |       |       |       |   427 |   119 ||   546
Throw: Throwing net      |       |       |       |     1 |       |       ||     1
Invok: Lunge             |       |       |    21 |    67 |   105 |    49 ||   242
       Whirlwind         |       |       |     7 |   239 |   670 |   149 ||  1065
       Serpent's Lash    |       |       |       |     1 |    10 |    10 ||    21
       Heavenly Storm    |       |       |       |       |     2 |     1 ||     3
 Abil: Wall Jump         |       |       |       |     2 |     9 |     6 ||    17
Evoke: Wand              |       |       |     6 |    21 |    14 |     3 ||    44
       Phial of floods   |       |       |       |     1 |       |     2 ||     3
  Use: Potion            |       |     3 |       |     1 |     2 |     1 ||     7
       Scroll            |       |       |       |    14 |    11 |     3 ||    28
 Stab: Paralysed         |       |       |     5 |       |       |       ||     5
       Invisible         |       |       |       |       |    10 |       ||    10
       Distracted        |       |       |       |       |       |     1 ||     1
Armor: Scale mail        |    35 |    67 |       |       |       |       ||   102
       Chain mail        |       |     2 |   151 |       |   146 |       ||   299
       Plate armour      |       |       |    29 |   268 |   327 |    81 ||   705
Dodge: Dodged            |    35 |    35 |    71 |   121 |   273 |    52 ||   587
Block: Kite shield       |    16 |    61 |   173 |   386 |  1022 |   221 ||  1879
       Reflection        |       |       |       |       |     8 |    24 ||    32

Table legend: (Time is in decaauts)
 A = Elapsed time spent in this place.
 B = Non-inter-level travel time spent in this place.
 C = Inter-level travel time spent in this place.
 D = Time resting spent in this place.
 E = Time spent auto-exploring this place.
 F = Levels seen in this place.
 G = Mean time per level.
                   A        B        C        D        E       F      G
               +--------+--------+--------+--------+--------+-----+--------+
         Total |  18427 |  17113 |   1314 |     38 |  11866 |  26 |  708.7 |
       Dungeon |   8489 |   7743 |    746 |     20 |   5483 |  12 |  707.4 |
        Temple |     82 |     69 |     13 |      0 |     61 |   1 |   82.0 |
          Lair |   5241 |   4955 |    286 |      0 |   3696 |   6 |  873.5 |
  Orcish Mines |   1610 |   1401 |    209 |      0 |    964 |   2 |  805.0 |
   Elven Halls |   2047 |   1989 |     58 |     18 |   1215 |   3 |  682.3 |
       Ossuary |    205 |    205 |      0 |      0 |     75 |   1 |  205.0 |
      Ice Cave |    750 |    750 |      0 |      0 |    371 |   1 |  750.0 |
               +--------+--------+--------+--------+--------+-----+--------+

Top non-repeatable levels by time:
     D:9: 1177 daAuts
  Lair:3: 1128 daAuts
  Lair:6: 1110 daAuts
     D:6: 978 daAuts
   Elf:1: 941 daAuts
   Orc:2: 937 daAuts
  Lair:1: 881 daAuts
     D:4: 853 daAuts
  Lair:5: 820 daAuts
    D:11: 782 daAuts
     D:1: 776 daAuts
   IceCv: 750 daAuts
    D:12: 750 daAuts
   Elf:2: 717 daAuts
     D:8: 691 daAuts
